Map: [ESL] Alcyone

Players

ShoWTimE

  • Race: Protoss Protoss
  • Spawn Location: 1:00

MaxPax - Winner!

  • Race: Protoss Protoss
  • Spawn Location: 7:00

Event: ESL SC2 Masters 2024 Spring (Regional)

VOD

Have the link to the VOD?

Description

Time

  • Played on: April 17, 2024, 11:59 a.m.
  • Length: 14:16

All games in this series

Show
View Real Time Build Order
Export as new Build Order

ShoWTimE Protoss 

Build Orders: Phoenix Opening, Carriers, Mass Phoenix 

Get SALT Encoding   

  12  0:00  Probe  
  13  0:12  Probe  
  14  0:17  Pylon  
  14  0:24  Probe (Chrono Boost)  
  15  0:35  Gateway  
  15  0:36  Probe (Chrono Boost)  
  16  0:44  Probe (Chrono Boost)  
  16  0:45  Assimilator  
  17  0:50  Probe  
  18  0:57  Assimilator  
  18  1:03  Probe (Chrono Boost)  
  19  1:07  Pylon  
  19  1:14  Probe (Chrono Boost)  
  20  1:19  Probe (Chrono Boost)  
  20  1:22  Cybernetics Core  
  21  1:29  Probe  
  22  1:35  Zealot  
  24  1:41  Probe  
  25  1:53  Probe  
  26  2:00  Stargate  
  26  2:05  Adept  
  26  2:07  Probe  
  29  2:25  Nexus  
  29  2:30  Pylon  
  29  2:44  Phoenix (Chrono Boost)  
  29  2:48  Probe  
  32  3:00  Phoenix (Chrono Boost)  
  32  3:01  Probe  
  32  3:04  Shield Battery  
  35  3:13  Probe  
  36  3:22  Phoenix (Chrono Boost)  
  36  3:25  Probe  
  39  3:31  Assimilator  
  39  3:37  Probe x2  
  39  3:40  Phoenix (Chrono Boost)  
  36  3:56  Probe  
  36  3:58  Phoenix (Chrono Boost), Probe  
  40  4:08  Probe  
  41  4:10  Probe  
  42  4:20  Probe  
  42  4:22  Probe  
  44  4:26  Phoenix  
  46  4:34  Probe (Chrono Boost)  
  46  4:37  Probe (Chrono Boost)  
  46  4:38  Assimilator  
  46  4:44  Probe (Chrono Boost)  
  48  4:46  Stargate  
  48  4:47  Probe (Chrono Boost)  
  48  4:49  Probe (Chrono Boost)  
  48  4:51  Pylon  
  49  4:57  Phoenix (Chrono Boost)  
  49  4:59  Probe  
  52  5:01  Probe  
  53  5:10  Shield Battery  
  53  5:12  Probe  
  53  5:13  Probe  
  55  5:19  Phoenix (Chrono Boost)  
  57  5:24  Probe  
  57  5:25  Pylon  
  57  5:26  Probe  
  59  5:31  Phoenix (Chrono Boost)  
  61  5:36  Probe  
  61  5:39  Pylon  
  62  5:45  Probe  
  62  5:46  Phoenix (Chrono Boost)  
  62  5:48  Phoenix (Chrono Boost)  
  67  5:53  Probe  
  68  5:58  Pylon  
  68  6:07  Fleet Beacon  
  68  6:10  Phoenix (Chrono Boost)  
  70  6:15  Phoenix (Chrono Boost)  
  72  6:19  Probe  
  73  6:30  Phoenix (Chrono Boost)  
  75  6:33  Phoenix (Chrono Boost)  
  77  6:40  Pylon  
  77  6:46  Nexus  
  77  6:51  Anion Pulse-Crystals (Chrono Boost)  
  77  6:54  Phoenix  
  77  7:00  Assimilator, Phoenix  
  79  7:16  Probe  
  79  7:17  Assimilator, Probe  
  79  7:19  Phoenix  
  83  7:25  Phoenix  
  83  7:27  Zealot  
  83  7:28  Pylon  
  83  7:29  Probe  
  88  7:32  Probe  
  89  7:38  Pylon  
  89  7:41  Probe  
  90  7:44  Phoenix, Probe  
  93  7:51  Phoenix  
  93  7:53  Probe  
  97  7:59  Probe (Chrono Boost)  
  97  8:05  Probe (Chrono Boost)  
  104  8:09  Mothership (Chrono Boost)  
  105  8:13  Pylon  
  105  8:15  Probe (Chrono Boost)  
  105  8:17  Probe (Chrono Boost)  
  104  8:21  Phoenix (Chrono Boost), Probe  
  104  8:23  Phoenix (Chrono Boost)  
  101  8:38  Probe x2 (Chrono Boost)  
  101  8:39  Robotics Facility  
  101  8:40  Stargate  
  101  8:41  Phoenix  
  101  8:46  Pylon  
  101  8:48  Probe x2 (Chrono Boost)  
  105  8:50  Phoenix  
  107  9:01  Pylon  
  107  9:02  Shield Battery  
  109  9:03  Probe (Chrono Boost)  
  109  9:04  Probe (Chrono Boost)  
  109  9:06  Phoenix  
  111  9:11  Probe (Chrono Boost)  
  111  9:13  Nexus  
  112  9:17  Unknown  
  112  9:18  Phoenix  
  112  9:24  Observer (Chrono Boost)  
  112  9:29  Phoenix  
  112  9:31  Phoenix, Probe x3  
  117  9:35  Pylon  
  120  9:42  Stargate  
  120  9:43  Phoenix  
  122  9:45  Shield Battery  
  122  9:54  Observer  
  122  9:56  Pylon, Cybernetics Core  
  122  9:58  Sentry, Forge  
  125  10:04  Carrier (Chrono Boost), Protoss Air Weapons Level 1 (Chrono Boost)  
  125  10:05  Probe  
  125  10:06  Probe  
  133  10:07  Probe  
  133  10:13  Carrier (Chrono Boost)  
  134  10:19  Probe  
  141  10:27  Probe x2  
  141  10:28  Probe  
  144  10:33  Protoss Shields Level 1  
  142  10:35  Sentry  
  142  10:41  Nexus  
  144  10:43  Pylon, Photon Cannon  
  150  10:52  Carrier (Chrono Boost)  
  150  10:56  Forge  
  147  10:57  Probe x2  
  147  10:58  Probe x2  
  148  11:05  Protoss Air Armor Level 1 (Chrono Boost)  
  148  11:09  Probe  
  149  11:14  Assimilator  
  149  11:18  Assimilator, Twilight Council  
  155  11:20  Carrier (Chrono Boost)  
  153  11:28  Photon Cannon  
  153  11:30  Photon Cannon  
  157  11:36  Phoenix (Chrono Boost)  
  157  11:37  Phoenix (Chrono Boost)  
  157  11:40  Carrier (Chrono Boost)  
  157  11:44  Photon Cannon  
  157  11:46  Pylon  
  171  12:01  Phoenix (Chrono Boost)  
  171  12:07  Carrier (Chrono Boost)  
  171  12:08  Stargate  
  171  12:13  Phoenix (Chrono Boost), Photon Cannon  
  171  12:14  Protoss Air Weapons Level 2 (Chrono Boost)  
  173  12:15  Shield Battery  
  173  12:19  Phoenix  
  175  12:33  Phoenix  
  175  12:36  Phoenix  
  179  12:50  Observer  
  185  12:52  Carrier (Chrono Boost)  
  176  13:00  Phoenix  
  190  13:05  Carrier (Chrono Boost), Photon Cannon  
  190  13:07  Observer (Chrono Boost), Photon Cannon  
  190  13:09  Carrier (Chrono Boost)  
  190  13:10  Carrier (Chrono Boost), Shield Battery  
Show
View Real Time Build Order
Export as new Build Order

MaxPax Protoss - Winner!

Build Orders: Oracle Opening, Phoenix Opening, Carriers, Mass Phoenix 

Get SALT Encoding   

  12  0:00  Probe  
  13  0:12  Probe  
  14  0:16  Pylon  
  14  0:24  Probe (Chrono Boost)  
  16  0:36  Probe (Chrono Boost)  
  16  0:37  Gateway  
  16  0:43  Probe (Chrono Boost)  
  16  0:45  Assimilator  
  17  0:51  Probe  
  17  0:54  Assimilator  
  18  1:03  Probe (Chrono Boost)  
  19  1:05  Pylon  
  19  1:12  Probe (Chrono Boost)  
  19  1:17  Probe (Chrono Boost)  
  20  1:24  Cybernetics Core  
  21  1:29  Probe  
  21  1:31  Zealot  
  24  1:41  Probe  
  25  1:55  Probe  
  25  2:00  Stargate, Adept  
  28  2:18  Nexus  
  28  2:24  Pylon  
  28  2:28  Probe  
  29  2:40  Oracle (Chrono Boost)  
  29  2:41  Probe  
  33  2:53  Probe  
  32  3:05  Probe  
  33  3:06  Shield Battery  
  33  3:10  Phoenix  
  35  3:17  Probe  
  36  3:20  Stargate  
  36  3:29  Assimilator  
  36  3:31  Probe  
  37  3:38  Phoenix (Chrono Boost)  
  39  3:41  Probe  
  39  3:44  Shield Battery, Probe  
  41  3:53  Probe  
  41  3:55  Phoenix (Chrono Boost)  
  37  3:56  Probe  
  37  3:59  Shield Battery  
  40  4:05  Probe  
  43  4:10  Probe  
  43  4:11  Phoenix (Chrono Boost)  
  43  4:18  Probe  
  43  4:22  Phoenix (Chrono Boost), Probe  
  47  4:30  Probe  
  46  4:33  Phoenix (Chrono Boost)  
  46  4:34  Probe  
  48  4:42  Probe  
  48  4:43  Assimilator  
  49  4:46  Phoenix (Chrono Boost), Probe  
  49  4:52  Pylon  
  52  4:58  Phoenix  
  54  5:07  Pylon  
  54  5:10  Probe x2  
  54  5:14  Phoenix (Chrono Boost)  
  58  5:22  Probe x2  
  58  5:23  Pylon, Phoenix (Chrono Boost)  
  61  5:34  Probe  
  62  5:36  Probe  
  62  5:42  Pylon  
  65  5:43  Phoenix x2 (Chrono Boost)  
  65  5:46  Probe  
  65  5:48  Probe  
  69  5:50  Pylon  
  69  5:58  Probe  
  69  6:00  Phoenix  
  74  6:10  Fleet Beacon  
  72  6:16  Phoenix  
  74  6:24  Nexus  
  74  6:29  Phoenix  
  74  6:31  Probe  
  74  6:32  Probe  
  78  6:41  Pylon  
  78  6:42  Phoenix  
  78  6:45  Probe  
  78  6:46  Probe  
  82  6:51  Anion Pulse-Crystals (Chrono Boost)  
  82  6:52  Pylon  
  82  6:58  Probe  
  83  7:07  Phoenix  
  85  7:10  Phoenix  
  85  7:11  Probe  
  85  7:15  Probe  
  83  7:23  Probe  
  83  7:27  Probe  
  85  7:32  Phoenix (Chrono Boost)  
  85  7:35  Phoenix (Chrono Boost), Probe  
  85  7:36  Probe  
  91  7:39  Probe  
  91  7:42  Assimilator  
  92  7:44  Assimilator  
  92  7:47  Probe  
  92  7:48  Probe  
  92  7:51  Probe  
  95  7:52  Phoenix x2 (Chrono Boost)  
  99  7:59  Probe  
  99  8:00  Probe  
  99  8:03  Probe  
  101  8:11  Probe  
  102  8:17  Phoenix x2 (Chrono Boost)  
  102  8:18  Probe x2  
  102  8:32  Probe x2  
  106  8:38  Phoenix (Chrono Boost)  
  106  8:40  Mothership (Chrono Boost)  
  108  8:41  Phoenix (Chrono Boost)  
  108  8:47  Nexus  
  112  8:48  Probe (Chrono Boost)  
  112  8:49  Pylon  
  112  8:50  Probe (Chrono Boost)  
  112  8:54  Stargate  
  112  8:59  Oracle  
  115  9:03  Pylon  
  115  9:10  Pylon  
  115  9:12  Phoenix, Probe (Chrono Boost)  
  111  9:29  Probe x2  
  113  9:40  Carrier (Chrono Boost)  
  113  9:41  Probe  
  113  9:42  Probe  
  127  9:45  Assimilator  
  127  9:46  Carrier (Chrono Boost)  
  127  9:48  Assimilator, Shield Battery  
  127  9:50  Pylon  
  127  9:51  Pylon, Probe  
  133  9:59  Cybernetics Core, Carrier (Chrono Boost), Probe x2  
  135  10:00  Probe  
  135  10:05  Zealot  
  138  10:08  Pylon  
  137  10:21  Robotics Facility, Protoss Air Weapons Level 1  
  137  10:28  Phoenix (Chrono Boost)  
  139  10:33  Sentry  
  143  10:40  Phoenix (Chrono Boost)  
  143  10:45  Shield Battery  
  143  10:47  Phoenix (Chrono Boost)  
  143  10:48  Phoenix (Chrono Boost)  
  147  10:54  Protoss Air Armor Level 1  
  147  10:57  Nexus  
  147  10:58  Phoenix (Chrono Boost)  
  147  10:59  Pylon  
  149  11:08  Sentry, Observer  
  149  11:09  Phoenix (Chrono Boost)  
  156  11:13  Phoenix (Chrono Boost)  
  156  11:15  Phoenix (Chrono Boost)  
  154  11:27  Phoenix  
  156  11:36  Forge  
  156  11:37  Stargate  
  156  11:40  Stargate  
  156  11:46  Pylon  
  156  11:47  Unknown  
  156  11:51  Pylon, Phoenix (Chrono Boost)  
  156  11:53  Pylon  
  156  12:06  Carrier (Chrono Boost)  
  168  12:09  Protoss Shields Level 1 (Chrono Boost)  
  168  12:11  Observer  
  175  12:18  Carrier (Chrono Boost)  
  175  12:24  Carrier (Chrono Boost), Observer  
  175  12:28  Probe  
  175  12:29  Probe  
  189  12:40  Carrier (Chrono Boost)  
  188  12:46  Carrier (Chrono Boost)  
  187  13:06  Pylon, Observer  
  187  13:07  Pylon  
  187  13:09  Photon Cannon  
  187  13:12  Shield Battery  
  187  13:14  Photon Cannon  
  187  13:16  Pylon  
  187  13:24  Phoenix x3  
  193  13:29  Phoenix  
  191  13:38  Phoenix (Chrono Boost)  
  173  13:49  Phoenix x2 (Chrono Boost)  
  166  13:55  Phoenix (Chrono Boost)  
  163  14:08  Stargate  
Tags
 
Add a new tag
Caveats
  • Supply blocks, unpowered buildings, or Contaminate may cause inaccurate times.
  • Supply counts are checked every 10 seconds.